 Dungeon Crawl Stone Soup version 0.16.1-4-g8e1b745 (console) character file.

9 gw the Charlatan (level 2, -6/16 HPs)
             Began as a Deep Elf Artificer on Mar 28, 2015.
             Killed from afar by Sigmund (8 damage)
             ... with a puff of flame
             ... on level 2 of the Dungeon.
             The game lasted 00:00:19 (151 turns).

gw the Charlatan (Deep Elf Artificer)                Turns: 151, Time: 00:00:19

Health: -6/16      AC:  3    Str:  8    XL:     2   Next: 6%
Magic:  5/5        EV: 12    Int: 16    God:
Gold:   31         SH:  0    Dex: 15    Spells: 0 memorised, 1 level left

rFire  . . .     SeeInvis .     a - +0 short sword
rCold  . . .     Clarity  .     e - +0 leather armour
rNeg   . . .     SustAb   .     (no shield)
rPois  .         Gourm    .     (no helmet)
rElec  .         Spirit   .     (no cloak)
rCorr  .         Warding  .     (no gloves)
rMut   .         Stasis   .     (no boots)
MR     .....                    (no amulet)
Stlth  ++........               (no ring)
                                (no ring)

@: not resistant to hostile enchantments, unstealthy
A: no striking features
a: no special abilities


You were on level 2 of the Dungeon.
You were not hungry.

You visited 1 branch of the dungeon, and saw 2 of its levels.

You collected 31 gold pieces.

Inventory:

Hand weapons
 a - a +0 short sword (weapon)
Armour
 e - a +0 leather armour (worn)
Magical devices
 b - a wand of flame (10)
 c - a wand of enslavement (15)
 d - a wand of random effects (15)
Scrolls
 g - a scroll of remove curse {unknown}
Potions
 h - a potion of heal wounds {unknown}
Comestibles
 f - a bread ration


   Skills:
 + Level 1.0 Fighting
 * Level 1.7 Short Blades
 + Level 2.7 Dodging
 - Level 1.2 Stealth
 - Level 3.2 Evocations


You had one spell level left.
You didn't know any spells.

Dungeon Overview and Level Annotations

Branches:
Dungeon (2/15)

Altars:

Annotations:
D:2 Sigmund


Message History

Unknown command.
Unknown command.
Unknown command.
MOVING TO (4,0)
You miss something.
Unknown command.
Unknown command.
Unknown command.
MOVING TO (3,0)
You hit something. Something hits you!
Ouch! That really hurt!
Unknown command.
Unknown command.
Unknown command.
MOVING TO (2,0)
You miss something.
You hear some strange, mumbled words.
The puff of flame hits you!
Ouch! That really hurt!
You die...

..........#####.###########
####.#.......:..#
#.############ #.# #.# #.#
#.## #..###################
#............e........
#.#..#..#[.#..#..#..#..
#..................%?..
##...#..#..#..#..#..#..
#......%.............
####################


There were no monsters in sight!

Table legend:
 A = Turns spent in this place as a percentage of turns spent in the entire game.
 B = Non-inter-level travel turns spent in this place as a percentage of non-inter-level travel turns spent in the entire game.
 C = Inter-level travel turns spent in this place as a percentage of turns spent in this place.
 D = Turns resting spent in this place as a percentage of non-inter-level travel turns spent in this place.
 E = Turns spent auto-exploring this place as a percentage of non-inter-level travel turns spent in this place.
 F = Non-inter-level travel turns spent in this place divided by the number of levels of this place that you've seen.
                   A       B       C       D       E      F
               +-------+-------+-------+-------+-------+----------------------
         Total | 100.0 | 100.0 |   2.5 |   0.5 |   2.3 | 218.5
       Dungeon | 100.0 | 100.0 |   2.5 |   0.5 |   2.3 | 218.5
               +-------+-------+-------+-------+-------+----------------------

Table legend:
 A = Kills in this place as a percentage of kills in entire the game.
 B = Kills by you in this place as a percentage of kills by you in the entire game.
 C = Kills by friends in this place as a percentage of kills by friends in the entire game.
 D = Other kills in this place as a percentage of other kills in the entire game.
 E = Experience gained in this place as a percentage of experience gained in the entire game.
 F = Experience gained in this place divided by the number of levels of this place that you have seen.
                   A       B       C       D       E      F
               +-------+-------+-------+-------+-------+----------------------
         Total | 100.0 | 100.0 |  -nan |  -nan | 100.0 |   7.0
       Dungeon | 100.0 | 100.0 |  -nan |  -nan | 100.0 |   7.0
               +-------+-------+-------+-------+-------+----------------------

Vanquished Creatures
  A worm (D:2)
  2 bats
  A giant newt (D:2)
  A kobold (D:2)
  A rat (D:2)
6 creatures vanquished.

Notes
Turn   | Place    | Note
--------------------------------------------------------------
     0 | D:1      | gw, the Deep Elf Artificer, began the quest for the Orb.
     0 | D:1      | Reached XP level 1. HP: 11/11 MP: 2/2
    41 | D:2      | Reached skill level 1 in Fighting
   116 | D:2      | Reached XP level 2. HP: 16/16 MP: 5/5
   137 | D:2      | Noticed Sigmund
   151 | D:2      | Killed from afar by Sigmund

Action                   || total
-------------------------++-------
Melee: Short sword       ||    13
Evoke: Wand              ||     5

Vault maps used:
D:1:      minmay_arrival_stone_box
D:2:      columned_hall_lemuel, uniq_sigmund
